Map: Catalyst LE

Players

Bly - Winner!

  • Race: Zerg Zerg
  • Spawn Location: 5:00

Seither

  • Race: Terran Terran
  • Spawn Location: 11:00

Event: WCS Austin 2018

VOD

Have the link to the VOD?

Description

Time

  • Played on: June 1, 2018, 11:03 p.m.
  • Length: 11:30

All games in this series

Show
View Real Time Build Order
Export as new Build Order

Bly Zerg - Winner!

Build Orders: Pool First 

Get SALT Encoding   

  12  0:01  Drone  
  13  0:12  Overlord  
  13  0:16  Drone  
  14  0:31  Drone x2  
  16  0:41  Spawning Pool  
  15  0:44  Drone  
  17  0:50  Drone  
  17  1:10  Hatchery  
  16  1:13  Drone  
  16  1:15  Extractor  
  16  1:19  Drone  
  17  1:28  Zergling x4  
  19  1:34  Queen  
  21  1:40  Overlord  
  21  1:52  Drone  
  22  2:04  Drone, Roach Warren  
  22  2:12  Queen  
  22  2:14  Drone  
  25  2:44  Roach x5  
  30  2:47  Overlord  
  34  3:02  Overlord  
  33  3:13  Drone x4  
  37  3:20  Overlord  
  37  3:23  Ravager x2  
  39  3:31  Drone x4  
  43  3:35  Drone x2  
  43  3:39  Drone  
  46  3:41  Drone  
  46  3:46  Drone x2  
  49  3:52  Ravager  
  49  3:53  Drone x2  
  52  3:57  Extractor  
  52  4:00  Drone x3  
  54  4:09  Overlord  
  54  4:18  Drone x3  
  55  4:34  Drone x2  
  49  4:43  Metabolic Boost, Hatchery  
  49  4:45  Queen  
  47  4:50  Overlord  
  47  4:52  Lair  
  47  4:57  Extractor  
  47  4:58  Roach x2  
  47  4:59  Roach x2  
  54  5:01  Spore Crawler  
  54  5:02  Spore Crawler  
  54  5:04  Extractor  
  51  5:08  Drone x3  
  51  5:09  Drone  
  55  5:14  Overlord  
  55  5:23  Overlord  
  55  5:29  Drone x5  
  55  5:34  Evolution Chamber  
  59  5:39  Drone  
  60  5:49  Overlord, Glial Reconstitution  
  60  5:52  Overseer  
  60  5:55  Roach  
  60  5:56  Roach x7  
  76  6:07  Queen  
  76  6:09  Zerg Ground Armor Level 1  
  76  6:10  Drone x2  
  76  6:11  Drone x2  
  82  6:17  Overlord  
  82  6:19  Overseer  
  82  6:21  Drone  
  82  6:22  Drone x4  
  87  6:30  Overlord  
  87  6:32  Drone x2  
  89  6:38  Overlord  
  88  6:44  Roach x2  
  89  6:50  Roach x4  
  96  6:55  Overlord  
  96  6:58  Roach x2  
  97  7:12  Roach x2  
  97  7:19  Drone x6  
  97  7:20  Drone x4  
  101  7:24  Extractor x2  
  97  7:34  Roach x3  
  97  7:43  Roach x3  
  93  7:53  Roach x3  
  94  8:02  Roach  
  94  8:03  Roach x2  
  93  8:15  Drone x3  
  93  8:19  Spore Crawler  
  95  8:23  Roach x3  
  95  8:26  Queen x2  
  105  8:36  Drone x3  
  108  8:42  Hatchery  
  108  8:45  Ravager x2  
  108  8:48  Zerg Ground Armor Level 2, Drone x3  
  112  8:50  Infestation Pit  
  109  9:15  Roach x2  
  109  9:16  Overlord, Roach x4  
  121  9:18  Overlord  
  121  9:19  Overlord  
  121  9:27  Overlord  
  117  9:35  Ravager  
  118  9:39  Ravager x2  
  118  9:40  Ravager  
  121  9:48  Drone x3  
  121  9:51  Drone  
  121  9:52  Drone  
  120  10:00  Drone  
  120  10:01  Drone x4  
  122  10:09  Roach x3  
  122  10:10  Roach x3  
  122  10:13  Evolution Chamber  
  122  10:14  Hive  
  133  10:17  Roach x4  
  144  10:21  Infestor, Ravager x3  
  144  10:26  Spore Crawler, Infestor  
  144  10:27  Zergling x4  
  149  10:31  Queen x2  
  153  10:36  Overlord, Infestor  
  153  10:40  Overlord  
  153  10:56  Zergling x2  
  153  10:57  Overlord, Zergling x16  
  156  11:00  Ravager x2  
Show
View Real Time Build Order
Export as new Build Order

Seither Terran 

Build Orders: Reaper Expand, MMM Bio 

Get SALT Encoding   

  12  0:00  SCV  
  13  0:12  SCV  
  14  0:17  Supply Depot  
  14  0:24  SCV  
  15  0:38  SCV  
  15  0:41  Barracks  
  16  0:44  Refinery  
  16  0:50  SCV  
  17  1:03  SCV  
  18  1:15  SCV  
  19  1:29  Orbital Command, Reaper  
  20  1:40  Command Center  
  20  1:52  Supply Depot  
  20  1:55  SCV  
  21  2:05  Marine  
  21  2:06  Factory  
  22  2:15  Refinery  
  21  2:16  SCV  
  22  2:24  Barracks Reactor  
  22  2:28  SCV  
  23  2:40  SCV  
  24  2:53  SCV  
  24  2:58  Starport  
  23  3:09  SCV  
  23  3:10  Barracks Tech Lab  
  24  3:16  Hellion  
  28  3:21  SCV  
  28  3:25  Cyclone  
  28  3:26  Orbital Command  
  30  3:34  SCV  
  30  3:41  Banshee  
  30  3:48  Supply Depot, SCV  
  36  3:54  Cyclone  
  37  3:58  Supply Depot  
  37  3:59  SCV  
  37  4:00  SCV  
  39  4:11  SCV  
  39  4:18  SCV  
  39  4:24  Supply Depot  
  30  4:34  Banshee  
  30  4:36  SCV x2  
  28  4:45  Barracks Reactor  
  27  4:48  SCV x2  
  29  5:00  SCV x2  
  31  5:12  SCV x2  
  33  5:24  SCV x2  
  35  5:29  Medivac  
  35  5:31  Stimpack, Marine  
  38  5:36  SCV  
  38  5:38  SCV  
  40  5:50  SCV x2  
  40  5:56  Command Center  
  42  6:04  Marine  
  42  6:05  Factory Reactor  
  42  6:06  SCV x2  
  42  6:07  Factory Tech Lab  
  45  6:18  Starport Reactor, Barracks  
  45  6:20  Barracks  
  45  6:23  SCV  
  46  6:29  Siege Tank  
  49  6:36  Supply Depot, SCV  
  50  6:47  Marine  
  50  6:50  SCV x2  
  51  7:05  Marine  
  46  7:10  Marine x2  
  46  7:11  Siege Tank  
  28  7:35  Marine x3  
  26  7:45  SCV  
  26  7:46  SCV x2  
  23  8:15  SCV x2, Marine  
  23  8:19  Siege Tank  
  29  8:25  Marine  
  30  8:30  SCV  
  31  8:44  Orbital Command  
  31  8:45  Marine  
  31  8:48  SCV  
  30  9:14  Marine x3  
  30  9:15  Combat Shield, Marine  
  34  9:17  Starport Reactor  
  34  9:20  SCV  
  35  9:31  Marine  
  35  9:32  Marine  
  37  9:40  Marine  
  37  9:41  Marine  
  38  9:51  Orbital Command  
  38  10:03  Marine x2  
  37  10:16  Medivac  
  37  10:18  Siege Tank  
  42  10:24  SCV  
  42  10:26  SCV  
  44  10:31  SCV  
  44  10:34  Marine  
  46  10:45  Orbital Command, SCV  
  46  11:03  Marine x2  
  46  11:04  Marine x2  
  49  11:05  SCV x2  
  49  11:07  Marine  
  49  11:08  Unknown x4  
  49  11:09  Unknown x2  
Tags
 
Add a new tag
Caveats
  • Supply blocks, unpowered buildings, or Contaminate may cause inaccurate times.
  • Supply counts are checked every 10 seconds.